 Dungeon Crawl Stone Soup version 0.28.0-62-gf88900778d (webtiles) character file.

Game seed: 10033900364608131319

86 tkbsonic5 the Chopper (level 4, -2/41 HPs)
             Began as a Hill Orc Monk on Nov 10, 2023.
             Slain by a black bear (5 damage)
             ... on level 3 of the Dungeon.
             The game lasted 00:04:17 (2662 turns).

tkbsonic5 the Chopper (Hill Orc Monk)               Turns: 2662, Time: 00:04:18

Health: -2/41      AC:  8    Str: 15      XL:     4   Next: 49%
Magic:  4/4        EV:  7    Int:  7 (10) God:
Gold:   94         SH:  0    Dex: 12 (13) Spells: 3/3 levels left

rFire   . . .      SeeInvis .   a - +0 hand axe
rCold   . . .      Faith    .   (no shield)
rNeg    . . .      Spirit   .   o - +0 chain mail
rPois   .          Reflect  .   (no helmet)
rElec   .          Harm     .   (no cloak)
rCorr   .          Rampage  .   (no gloves)
Will    .....                   (no boots)
Stlth   ..........              (no amulet)
HPRegen 0.13/turn               (no ring)
MPRegen 0.09/turn               (no ring)

@: no status effects
A: no striking features
a: no special abilities


You were on level 3 of the Dungeon.
You visited 1 branch of the dungeon, and saw 3 of its levels.

You collected 94 gold pieces.

Inventory:

Hand Weapons
 a - a +0 hand axe (weapon)
Armour
 b - a +0 robe
 i - a +0 leather armour
 o - a +0 chain mail (worn)
Scrolls
 c - 2 scrolls of identify
 d - a scroll of teleportation
 g - 2 scrolls of blinking
Potions
 j - a potion of brilliance
 k - a potion of flight


   Skills:
 * Level 4.6 Fighting
 * Level 4.9 Axes
 * Level 2.0 Armour
 - Level 2.4 Dodging
 + Level 2.1 Stealth


You had 3 spell levels left.
You didn't know any spells.
Your spell library contained the following spells:

 Spells                   Type           Power      Damage    Failure   Level
 Summon Small Mammal      Summ           0%         N/A       100%        1
 Call Canine Familiar     Summ           0%         N/A       100%        3
 Summon Guardian Golem    Hex/Summ       0%         N/A       100%        3


Dungeon Overview and Level Annotations

Branches:
Dungeon (3/15)

Altars:


Message History

The black bear claws you but does no damage.
The black bear claws you.
You barely miss the black bear.
The black bear is almost dead.
The black bear barely misses you.
The black bear claws you but does no damage.
The black bear claws you.
You hit the black bear.
The black bear is almost dead.
The black bear bites you! The black bear barely misses you.
The black bear claws you but does no damage.
The black bear bites you!
* * * LOW HITPOINT WARNING * * *
The black bear claws you but does no damage.
The black bear claws you.
* * * LOW HITPOINT WARNING * * *
You aren't carrying any items that you can evoke.
Unknown command.
You feel better. The black bear bites you!
* * * LOW HITPOINT WARNING * * *
The black bear barely misses you.
The black bear claws you but does no damage.
You feel better.
The black bear bites you but does no damage.
The black bear claws you.
* * * LOW HITPOINT WARNING * * *
The black bear claws you but does no damage.
The black bear bites you but does no damage.
The black bear claws you but does no damage. x2
You hit the black bear but do no damage.
The black bear is almost dead.
The black bear bites you.
* * * LOW HITPOINT WARNING * * *
The black bear claws you but does no damage.
The black bear closely misses you.
You closely miss the black bear.
The black bear is almost dead.
The black bear bites you but does no damage.
The black bear claws you.
You die...

##..##...#...'.#####
####..#.....#...#.#...#
#.).....#...#####...#
.!#......##'.....'##..##
###......#.#.###.#)# ..#
.........###..#..###...#
##......#...#.#.#...#..#
##.......#...#...#....#
#......#....=h@......#
###....).#.#############
#........#.#
..#........#
####.####.## # #.# # #
#.# # #.# # #.#


You could see a black bear (berserk).

Vanquished Creatures
  2 adders
  An ufetubus (D:3)
  2 dart slugs (D:1)
  6 bats
  3 endoplasms (D:1)
  2 giant cockroaches (D:1)
  6 goblins
  5 hobgoblins
  8 jackals (D:3)
  A quokka (D:2)
  6 ball pythons
  2 frilled lizards
  2 kobolds
  7 rats
53 creatures vanquished.

Notes
Turn   | Place    | Note
-------+----------+-------------------------------------------
     0 | D:1      | tkbsonic5 the Hill Orc Monk began the quest for the Orb.
     0 | D:1      | Reached XP level 1. HP: 19/19 MP: 1/1
   176 | D:1      | Reached XP level 2. HP: 22/27 MP: 2/2
   250 | D:1      | Reached skill level 1 in Armour
   335 | D:1      | Found a faded altar of an unknown god.
   533 | D:1      | Reached XP level 3. HP: 33/33 MP: 3/3
  1820 | D:3      | Reached XP level 4. HP: 34/41 MP: 4/4
  2065 | D:3      | Noticed a black bear
  2635 | D:3      | Identified a scroll of acquirement
  2636 | D:3      | Acquired the ring "Dipa" {Fire Contam rPois Str+4}
  2659 | D:3      | HP: 1/41 [black bear (8)]
  2662 | D:3      | Slain by a black bear

Illustrated notes

Levels and vault maps discovered:
D:1:      scummos_arrival_simple_crosswalls, layout_loops_corners,
          dreamdust_ecumenical_altar_grove
D:2:      layout_basic
D:3:      layout_rooms, minmay_fractal_squares_diagonal_5

Skill      XL: |  1  2  3  4 |
---------------+-------------+-----
Armour         | 1 2 |  2.0
Fighting       | 4 |  4.6
Stealth        | 2 |  2.1
Axes           | |  4.9
Dodging        | |  2.4

Action                   |  1- 3 |  4- 6 || total
-------------------------+-------+-------++-------
Melee: Hand axe          |   109 |   103 ||   212
       Punch             |     2 |       ||     2
  Use: Potion            |     2 |     7 ||     9
       Scroll            |     1 |     8 ||     9
 Stab: Sleeping          |     4 |       ||     4
Armor: Robe              |     7 |       ||     7
       Leather armour    |    17 |    10 ||    27
       Chain mail        |       |    89 ||    89
       Skin              |       |     3 ||     3
Dodge: Dodged            |    94 |    89 ||   183
